 Dungeon Crawl Stone Soup version 0.30.1-9-gdf580d7c3d (webtiles) character file.

Game seed: 9584139663169677810

51004 monsoonserge the Martial Artist (level 14, -7/105 HPs)
             Began as a Demonspawn Warper on Oct 14, 2023.
             Was the Champion of Nemelex Xobeh.
             Mangled by a dire elephant (19 damage)
             ... while petrified by a basilisk
             ... on level 5 of the Lair of Beasts on Oct 15, 2023.
             The game lasted 01:34:29 (19150 turns).

monsoonserge the Martial Artist (DsWr)             Turns: 19150, Time: 01:34:30

Health: -7/105     AC: 19    Str: 13    XL:     14   Next: 21%
Magic:  20/20      EV:  2    Int: 16    God:    Nemelex Xobeh [******]
Gold:   1905       SH:  0    Dex: 15    Spells: 16/21 levels left

rFire   . . .        b - +3 greatsling "Punk" {acid, rCorr}
rCold   + . .        R - +2 buckler
rNeg    + + +        l - quicksilver dragon scales
rPois   ∞            p - +0 helmet
rElec   .            V - +2 cloak
rCorr   +            (no gloves)
SInv    .            (no boots)
Will    ++...        F - amulet of regeneration
Stlth   +++          Z - ring "Okhlell Juma" {rPois rC+ EV+5 Stlth+}
HPRegen 2.17/turn    f - +5 ring of evasion
MPRegen 0.17/turn

%: no passive effects
@: petrified, sanguine armoured, slowed, studying Stealth
A: claws 2, ignite blood 2, powered by death 3, sanguine armour 1
a: Renounce Religion, Draw Escape, Draw Destruction, Draw Summoning, Triple
Draw, Deal Four, Stack Five


You were on level 5 of the Lair of Beasts.
You worshipped Nemelex Xobeh.
Nemelex Xobeh was exalted by your worship.
You visited 3 branches of the dungeon, and saw 18 of its levels.

You collected 1905 gold pieces.

Inventory:

Hand Weapons
 b - the +3 greatsling "Punk" (weapon) {acid, rCorr}
   (You acquired it on level 5 of the Lair of Beasts)

   rCorr:     It protects you from acid and corrosion.
Missiles
 a - 6 datura-tipped darts
 d - 11 boomerangs of dispersal
 i - 38 poisoned darts
 z - 10 boomerangs
 K - 7 curare-tipped darts
 U - 4 throwing nets
Armour
 g - +0 acid dragon scales
 l - quicksilver dragon scales (worn)
 p - a +0 helmet (worn)
 D - a +1 robe of the Archmagi
 R - a +2 buckler (worn)
 V - a +2 cloak (worn)
 W - the +5 plate armour "Jelicholl" {Dex+6 SInv}
   (You found it on level 3 of the Lair of Beasts)

   Dex:       It affects your dexterity (+6).
   SInv:      It lets you see invisible.
Jewellery
 f - a +5 ring of evasion (right claw)
 m - a ring of flight
 w - a ring of see invisible
 F - an amulet of regeneration (around neck)
 S - a ring of protection from fire
 X - a ring of wizardry
 Y - a ring of resist corrosion
 Z - the ring "Okhlell Juma" (left claw) {rPois rC+ EV+5 Stlth+}
   (You found it on level 2 of the Lair of Beasts)

   [ring of evasion]

   EV:        It affects your evasion (+5).
   rC:        It protects you from cold.
   rPois:     It protects you from poison.
   Stlth:     It makes you more stealthy.
Wands
 k - a wand of acid (12)
 s - a wand of charming (27)
 A - a wand of digging (14)
 H - a wand of flame (24)
 J - a wand of iceblast (10)
Scrolls
 c - 5 scrolls of blinking
 e - 6 scrolls of vulnerability
 h - 2 scrolls of poison
 j - 6 scrolls of fear
 n - 4 scrolls of fog
 r - 2 scrolls of immolation
 u - a scroll of amnesia
 y - a scroll of torment
 C - a scroll of silence
 E - a scroll of magic mapping
 L - 5 scrolls of teleportation
 M - a scroll of identify
 O - 5 scrolls of enchant armour
Potions
 o - 2 potions of flight
 q - 2 potions of mutation
 t - 2 potions of brilliance {unknown}
 v - 2 potions of lignification
 x - 4 potions of ambrosia
 B - 7 potions of heal wounds
 G - 3 potions of magic
 I - 2 potions of might
 N - a potion of resistance
 P - a potion of cancellation {unknown}
 Q - 2 potions of berserk rage {unknown}
 T - 6 potions of curing


   Skills:
 + Level 8.3 Fighting
 - Level 0.6(2.3) Short Blades
 - Level 3.5(3.6) Long Blades
 - Level 1.0 Polearms
 * Level 7.3 Ranged Weapons
 + Level 1.4 Throwing
 + Level 2.0 Armour
 + Level 8.7 Dodging
 + Level 4.7 Stealth
 + Level 8.3 Shields
 * Level 12.4 Unarmed Combat
 - Level 4.0 Spellcasting
 - Level 6.0 Translocations
 - Level 5.0 Fire Magic
 + Level 9.0 Invocations
 + Level 2.0 Evocations


You had 16 spell levels left.
You knew the following spells:

 Your Spells              Type           Power      Damage    Failure   Level
a - Blink                 Tloc           44%        N/A       6%          2
b - Volatile Blastmotes   Fire/Tloc      40%        2d13      14%         3

Your spell library contained the following spells:

 Spells                   Type           Power      Damage    Failure   Level
 Apportation              Tloc           44%        N/A       3%          1
 Lesser Beckoning         Tloc           44%        N/A       6%          2
 Teleport Other           Tloc           22%        N/A       12%         3
 Vhi's Electric Charge    Tloc/Air       24%        N/A       36%         3
 Manifold Assault         Tloc           22%        N/A       36%         4
 Necrotise                Necr           12%        1d4       41%         1
 Summon Small Mammal      Summ           12%        N/A       41%         1
 Static Discharge         Conj/Air       6%         2-3/arc   56%         2
 Iskenderun's Mystic Bla  Conj/Tloc      12%        2d5       78%         4
 Dazzling Flash           Conj/Hex       6%         N/A       80%         3
 Summon Guardian Golem    Hex/Summ       3%         N/A       80%         3
 Airstrike                Air            1%         2d(1-17)  99%         4
 Animate Armour           Summ/Erth      6%         N/A       99%         4
 Cause Fear               Hex            1%         N/A       99%         4
 Summon Lightning Spire   Summ/Air       3%         N/A       99%         4
 Arcjolt                  Conj/Air       1%         1d11      100%        5
 Blade Hands              Tmut           1%         N/A       100%        5
 Iron Shot                Conj/Erth      1%         9d1       100%        6
 Plasma Beam              Fire/Air       5%         2x1d17    100%        6
 Starburst                Conj/Fire      5%         6d4       100%        6
 Dragon Form              Tmut           1%         N/A       100%        7
 Orb of Destruction       Conj           1%         9d5       100%        7
 Spellforged Servitor     Conj/Summ      1%         N/A       100%        7
 Dragon's Call            Summ           1%         N/A       100%        9


Dungeon Overview and Level Annotations

Branches:
Dungeon (12/15)            Temple (1/1) D:7            Lair (5/5) D:10
 Shoals (0/4) Lair:2       Spider (0/4) Lair:3        Slime (0/5) Lair:4
    Orc (0/2) D:9

Altars:
Ashenzari
Cheibriados
Dithmenos
Fedhas
Gozag
Hepliaklqana
Kikubaaqudgha
Makhleb
Nemelex Xobeh
Okawaru
Qazlal
Ru
Sif Muna
Trog
Uskayaw
Vehumet
Wu Jian
Xom
Yredelemnul

Shops:
D:4 *   D:5 *

Annotations:
Lair:5 1 transporter, Reyrch's ghost, journeyman SpRe


Innate Abilities, Weirdness & Mutations

You have very sharp fingernails.
Your demonic aura often causes spilled blood to erupt in flames.
You regenerate a lot of health from kills.
When seriously injured, your blood forms armour. (AC +6)


Message History

The black mamba is engulfed in blazing flames.
The black mamba bites you but does no damage.
The moth of wrath goads the black mamba on!
The black mamba goes berserk!
The dire elephant tramples you but does no damage.
The dire elephant trunk-slaps you but does no damage.
The basilisk bites you but does no damage.
The yak gores you but does no damage.
The black mamba is engulfed in blazing flames.
You kill the black mamba!
The yak gores you. The dire elephant tramples you!!
You hold your ground!
The dire elephant trunk-slaps you but does no damage.
The basilisk hisses menacingly.
The basilisk bites you but does no damage.
The dream sheep barely misses you. The yak gores you.
The dream sheep bites you but does no damage.
The basilisk bites you! The dire elephant tramples you!!
You hold your ground!
The dire elephant trunk-slaps you but does no damage.
Reyrch's ghost waves its arms in wide circles.
The air twists around and strikes you. The yak gores you!
The dream sheep bites you but does no damage.
The yak gores you but does no damage.
The basilisk hisses menacingly.
The basilisk gazes at you. You resist with almost no effort.
The dire elephant tramples you!
You hold your ground!
The dire elephant trunk-slaps you but does no damage.
The dream sheep bites you. The yak gores you but does no damage.
The dream sheep bites you but does no damage.
The dire elephant tramples you!!
* * * LOW HITPOINT WARNING * * *
You hold your ground!
The dire elephant trunk-slaps you but does no damage.
The basilisk bites you. The yak gores you!!
* * * LOW HITPOINT WARNING * * *
The moth of wrath goads the dire elephant on!
The dire elephant goes berserk!
The dream sheep bites you. The dire elephant tramples you!!!
You die...
Your body glows slightly and disappears.

.....## #..........#.#######.##
......#####...............#.#.##.
##P...##.#...####.©.####...#.....
##..[##....###. #####..##..#.....
##.[.....##..#.$:!(....#..#..<.#
##....#..#....###=..##.##......#
#.#..###.##.#..ww.#.....#......#
###.....#..#.. #lYW.(##.W#.#...##
.........#.#..##@Y#......#......#
P#...).....#....#Y..#...##.#..).#
###..#[.#..##....y.#....#.......#
####.###..##©###..#####........
#..##...###©####............
#..####...........#.......#.
##.## #.#.#P.####.....##...#.
♣###..## #.##...#####...........
♣#P#....###.###...##.P...........


You could see a dire elephant (berserk), 2 torpor snails, a moth of wrath, a yak
(berserk), a basilisk, a dream sheep (berserk) and Reyrch's ghost.

Vanquished Creatures
  Nessos (Lair:3)
  A dire elephant (Lair:3)
  Harold (D:10)
  3 hydras (Lair:5)
  A catoblepas (Lair:2)
  Erica (D:9)
  A boulder beetle (Lair:4)
  A two-headed ogre (D:11)
  3 skysharks
  An orange crystal statue (Lair:2)
  An ugly thing (D:11)
  3 cyclopes (D:12)
  6 black mambas
  17 elephants
  A gargoyle (D:11)
  Psyche (D:8)
  2 kobold demonologists (D:11)
  2 rime drakes (Lair:5)
  11 cane toads
  10 komodo dragons
  A queen bee (Lair:5)
  2 trolls
  A meliai (Lair:5)
  3 polar bears (Lair:5)
  5 hornets (Lair:5)
  21 blink frogs
  A slime creature (D:12)
  2 culicivoras (Lair:3)
  9 spriggans (Lair:5)
  2 shadows
  Sigmund (D:2)
  3 vampires
  4 basilisks
  A hog (Lair:5)
  3 wraiths
  4 wyverns
  12 yaks
  4 steam dragons
  7 vampire mosquitoes (D:11)
  3 redbacks (Lair:3)
  Menkaure (D:7)
  4 acid dragons
  10 water moccasins
  A swamp drake (D:7)
  2 ice beasts (D:7)
  12 orc warriors
  7 black bears
  2 ogres
  27 wolves
  9 centaurs
  4 boggarts (Lair:5)
  Blork the orc (D:4)
  4 kobold brigands
  3 necrophages (D:5)
  12 bullfrogs
  5 scorpions (D:5)
  A wyvern zombie (D:5)
  9 wights
  An electric eel (Lair:5)
  4 howler monkeys
  2 lava snakes (Lair:2)
  A cerulean imp (D:6)
  5 orc priests
  Crazy Yiuf (D:2)
  3 jellies
  2 hounds
  A gnoll bouda (D:10)
  3 sleepcaps
  4 iguanas
  Terence (D:3)
  10 orc wizards
  A hound zombie (D:5)
  A mummy (D:8)
  Robin (D:1)
  3 gnolls (D:10)
  3 adders
  2 shadow imps
  A white imp (D:7)
  An ufetubus (D:3)
  3 adder zombies
  2 worms
  3 dart slugs
  75 orcs
  3 bats
  9 endoplasms
  3 giant cockroaches
  20 goblins
  9 hobgoblins
  5 jackals
  23 kobolds
  4 quokkas
  6 ball pythons
  2 ball python zombies (D:2)
  3 frilled lizards
  A giant cockroach zombie (D:2)
  2 hobgoblin zombies (D:8)
  A kobold zombie (D:8)
  An orc zombie (D:8)
  4 rats
501 creatures vanquished.

Vanquished Creatures (collateral kills)
  A torpor snail (D:7)
  4 slime creatures (D:12)
  A vampire mosquito (D:7)
6 creatures vanquished.

Vanquished Creatures (others)
  An acid dragon (D:11)
  A hound (Lair:5)
2 creatures vanquished.

Grand Total: 509 creatures vanquished

Notes
Turn   | Place    | Note
-------+----------+-------------------------------------------
     0 | D:1      | monsoonserge the Demonspawn Warper began the quest for the
                  | Orb.
     0 | D:1      | Reached XP level 1. HP: 16/16 MP: 3/3
     9 | D:1      | Reached skill level 1 in Armour
   168 | D:1      | Gained mutation: You regenerate a little health from kills.
                  | [demonic ancestry]
   168 | D:1      | Reached XP level 2. HP: 21/22 MP: 5/5
   196 | D:1      | Found a faded altar of an unknown god.
   206 | D:1      | Prayed at the altar of an unknown god.
   206 | D:1      | Became a worshipper of Nemelex Xobeh the Trickster
   206 | D:1      | Reached * piety under Nemelex Xobeh
   297 | D:1      | Received a gift from Nemelex Xobeh
   516 | D:1      | Learned a level 2 spell: Blink
   793 | D:2      | Noticed Robin
   801 | D:2      | Gained mutation: When seriously injured, your blood forms
                  | armour. (AC +6) [demonic ancestry]
   801 | D:2      | Reached XP level 3. HP: 27/27 MP: 6/6
   863 | D:1      | Killed Robin
   864 | D:1      | Reached skill level 1 in Stealth
  1046 | D:2      | Noticed Sigmund
  1169 | D:2      | Gained mutation: You regenerate health from kills. [demonic
                  | ancestry]
  1169 | D:2      | Reached XP level 4. HP: 33/33 MP: 7/7
  1423 | D:2      | Reached skill level 1 in Invocations
  1926 | D:3      | Reached ** piety under Nemelex Xobeh
  1940 | D:3      | Noticed Terence
  2008 | D:3      | Killed Terence
  2009 | D:3      | Reached skill level 1 in Ranged Weapons
  2009 | D:3      | Gained mutation: You regenerate a lot of health from kills.
                  | [demonic ancestry]
  2009 | D:3      | Reached XP level 5. HP: 28/39 MP: 8/8
  2628 | D:4      | Noticed Blork the orc
  2639 | D:4      | Killed Blork the orc
  2665 | D:4      | Learned a level 3 spell: Volatile Blastmotes
  2942 | D:4      | Gained mutation: Your demonic aura sometimes causes spilled
                  | blood to erupt in flames. [demonic ancestry]
  2942 | D:4      | Reached XP level 6. HP: 46/46 MP: 9/9
  3055 | D:4      | Found Eninefan's General Store.
  3150 | D:4      | Found a sacrificial altar of Ru.
  3166 | D:4      | Received a gift from Nemelex Xobeh
  3243 | D:5      | Entered Level 5 of the Dungeon
  3243 | D:5      | Found Guxtol's Lightly-Used Armoury.
  3347 | D:5      | Reached skill level 1 in Throwing
  3351 | D:5      | Found an opulent altar of Gozag.
  3393 | D:5      | Reached XP level 7. HP: 51/51 MP: 9/11
  3538 | D:5      | Reached *** piety under Nemelex Xobeh
  3569 | D:5      | Reached skill level 1 in Fire Magic
  3788 | D:5      | Received a gift from Nemelex Xobeh
  3941 | D:5      | Found a blossoming altar of Fedhas.
  4155 | D:5      | Gained mutation: You have sharp fingernails. [demonic
                  | ancestry]
  4155 | D:5      | Reached XP level 8. HP: 54/58 MP: 12/12
  4413 | D:6      | Reached skill level 1 in Unarmed Combat
  4413 | D:6      | Reached skill level 5 in Invocations
  4444 | D:6      | Noticed Grinder
  4785 | D:6      | Paralysed by Grinder for 2 turns
  4789 | D:6      | Grinder changed into Grinder the cerulean imp
  4789 | D:6      | Noticed Grinder
  4796 | D:6      | Killed Grinder the cerulean imp
  4851 | D:6      | Identified the +0 pair of gloves "Mujoitio" {Contam rElec
                  | rPois Dex-5}
  5152 | D:7      | Received a gift from Nemelex Xobeh
  5175 | D:7      | Reached skill level 2 in Unarmed Combat
  5175 | D:7      | Reached XP level 9. HP: 66/66 MP: 13/13
  5176 | D:7      | Found a staircase to the Ecumenical Temple.
  5256 | D:7      | Found a sparkling altar of Nemelex Xobeh.
  5256 | D:7      | Noticed Menkaure
  5269 | D:7      | Killed Menkaure
  5309 | D:7      | Found an ornate altar of the Wu Jian Council.
  5520 | D:7      | Reached **** piety under Nemelex Xobeh
  5690 | D:7      | Reached skill level 5 in Fighting
  5814 | D:7      | Noticed Joseph
  5816 | D:7      | HP: 1/68 [Joseph/sling bullet (19)]
  5907 | Temple   | Entered the Ecumenical Temple
  6222 | D:8      | Reached skill level 1 in Evocations
  6241 | D:8      | Noticed a two-headed ogre
  6246 | D:8      | a two-headed ogre changed into a torpor snail
  6246 | D:8      | Noticed a torpor snail
  6276 | D:7      | Killed a torpor snail
  6438 | D:8      | Noticed a troll
  6455 | D:7      | Killed a troll
  6456 | D:7      | Reached skill level 3 in Unarmed Combat
  6456 | D:7      | Reached skill level 5 in Translocations
  6648 | D:8      | Received a gift from Nemelex Xobeh
  6740 | D:8      | Reached skill level 5 in Dodging
  6740 | D:8      | Gained mutation: You have very sharp fingernails. [demonic
                  | ancestry]
  6740 | D:8      | Reached XP level 10. HP: 54/76 MP: 14/14
  7218 | D:9      | Noticed Erica
  7324 | D:7      | Identified the +5 trident of Impatience {venom, Str+4}
  7354 | D:7      | Joseph changed into Joseph the hornet
  7354 | D:7      | Noticed Joseph
  7357 | D:7      | Joseph the hornet changed into Joseph the swamp drake
  7357 | D:7      | Noticed Joseph
  7359 | D:7      | Killed Joseph the swamp drake
  7567 | D:8      | Noticed Psyche
  7571 | D:8      | Killed Psyche
  7572 | D:8      | Reached skill level 5 in Ranged Weapons
  7645 | D:9      | Reached skill level 1 in Polearms
  7655 | D:9      | Reached skill level 5 in Fire Magic
  7750 | D:9      | Killed Erica
  7778 | D:9      | Reached skill level 4 in Unarmed Combat
  7779 | D:9      | Reached skill level 1 in Shields
  7786 | D:9      | Received a gift from Nemelex Xobeh
  7913 | D:9      | Found a staircase to the Orcish Mines.
  8265 | D:9      | Received a gift from Nemelex Xobeh
  8581 | D:10     | Entered Level 10 of the Dungeon
  8988 | D:10     | Received a gift from Nemelex Xobeh
  9197 | D:10     | Reached ***** piety under Nemelex Xobeh
  9204 | D:10     | Found a radiant altar of Vehumet.
  9379 | D:10     | Gained mutation: Your demonic aura often causes spilled
                  | blood to erupt in flames. [demonic ancestry]
  9379 | D:10     | Reached XP level 11. HP: 37/84 MP: 17/17
  9692 | D:10     | Noticed Harold
  9719 | D:10     | Killed Harold
  9869 | D:10     | Received a gift from Nemelex Xobeh
 10379 | D:10     | Found a staircase to the Lair.
 10912 | D:11     | Found a radiant altar of Vehumet.
 10916 | D:11     | Noticed a two-headed ogre
 10923 | D:11     | Killed a two-headed ogre
 10992 | D:11     | Reached skill level 5 in Unarmed Combat
 11255 | D:11     | Noticed a cyan ugly thing
 11266 | D:11     | Killed a white ugly thing
 11767 | D:12     | Received a gift from Nemelex Xobeh
 12323 | D:12     | Reached skill level 6 in Unarmed Combat
 12806 | D:12     | Reached XP level 12. HP: 73/92 MP: 18/18
 12839 | D:12     | Received a gift from Nemelex Xobeh
 13055 | Lair:1   | Entered Level 1 of the Lair of Beasts
 13065 | Lair:1   | Reached skill level 7 in Unarmed Combat
 13279 | D:2      | Killed Sigmund
 13368 | D:2      | Found a runed translucent door.
 13369 | D:2      | Noticed Crazy Yiuf
 13373 | D:2      | Killed Crazy Yiuf
 13944 | Lair:1   | Received a gift from Nemelex Xobeh
 14248 | Lair:1   | Received a gift from Nemelex Xobeh
 14502 | Lair:1   | Reached skill level 8 in Unarmed Combat
 14744 | Lair:2   | Reached skill level 5 in Shields
 14746 | Lair:2   | Found a staircase to the Shoals.
 14846 | Lair:2   | Received a gift from Nemelex Xobeh
 14952 | Lair:2   | Reached skill level 9 in Unarmed Combat
 15176 | Lair:2   | Identified a scroll of acquirement
 15177 | Lair:2   | Acquired 459 gold pieces
 15198 | Lair:2   | Noticed a catoblepas
 15211 | Lair:2   | Killed a catoblepas
 15377 | Lair:2   | Reached ****** piety under Nemelex Xobeh
 15820 | Lair:2   | Identified the ring "Okhlell Juma" {rPois rC+ EV+5 Stlth+}
 16092 | Lair:2   | Reached XP level 13. HP: 98/98 MP: 19/19
 16100 | Lair:3   | Reached skill level 10 in Unarmed Combat
 16107 | Lair:3   | Noticed Nessos
 16188 | Lair:3   | Killed Nessos
 16339 | Lair:3   | Received a gift from Nemelex Xobeh
 16594 | Lair:3   | Noticed Rupert
 16609 | Lair:3   | HP: 4/98 [Rupert/+2 triple sword of electrocution (39)]
 16610 | Lair:3   | Rupert changed into Rupert the dire elephant
 16610 | Lair:3   | Noticed Rupert
 16612 | Lair:3   | Killed Rupert the dire elephant
 16729 | Lair:3   | Found a hole to the Spider Nest.
 16959 | Lair:3   | Identified the +5 plate armour "Jelicholl" {Dex+6 SInv}
 17246 | Lair:4   | Reached skill level 11 in Unarmed Combat
 17376 | Lair:4   | Found a staircase to the Slime Pits.
 17752 | Lair:4   | Received a gift from Nemelex Xobeh
 17902 | Lair:5   | Entered Level 5 of the Lair of Beasts
 18066 | Lair:5   | Acquired the +3 greatsling "Punk" {acid, rCorr}
 18066 | Lair:5   | Found the +3 greatsling "Punk" {acid, rCorr}
 18083 | Lair:5   | Found a transporter.
 18173 | Lair:5   | Found a transporter.
 18185 | Lair:5   | Noticed a dire elephant
 18531 | Lair:5   | Reached skill level 12 in Unarmed Combat
 18534 | Lair:5   | Reached XP level 14. HP: 105/105 MP: 20/20
 18945 | Lair:5   | Received a gift from Nemelex Xobeh
 19041 | Lair:5   | Identified the staff of fire "Foud" {rElec rF+ Str+2 Dex+2}
 19122 | Lair:5   | Noticed Reyrch's ghost (journeyman SpRe)
 19150 | Lair:5   | Mangled by a dire elephant

Illustrated notes

Levels and vault maps discovered:
D:1:      saegor_arrival_simple_c, layout_loops_cross,
          hellmonk_ecumenical_altar_inner_sanctum
D:2:      layout_loops_ring, serial_undead, serial_undead_a, serial_undead_d,
          serial_undead_c, serial_undead_b, serial_undead_e, serial_undead_e,
          serial_undead_e, serial_undead_f, hangedman_glass_garden, uniq_robin,
          uniq_sigmund, uniq_crazy_yiuf_cottage
D:3:      wad_lake_hut, layout_loops_cross, guppyfry_early_orc_mine,
          uniq_terence
D:4:      layout_rooms, amcnicky_altar_gilded, serial_shops, shop,
          uniq_blork_the_orc
D:5:      layout_loops_cross, nicolae_overflow_crystal_walls,
          fedhas_altar_decomposition, minmay_shop_damaged
D:6:      layout_rooms, uniq_grinder
D:7:      minmay_cornered_nines, layout_cave_pools,
          mainiacjoe_overflow_alcove_1, nemelex_spade_bored_becter,
          minmay_temple_entry_proselytizer, minmay_manual_mullet, uniq_menkaure,
          uniq_joseph
D:8:      layout_rooms, minmay_mini_ossuary, uniq_psyche
D:9:      layout_loops_corners, hiddenorc1_lemuel, uniq_erica
D:10:     layout_layer_cave, mainiacjoe_overflow_boulevard, erik_lair_dragon,
          kennysheep_cross_bottleneck, uniq_harold
D:11:     layout_loops_ring, fiery_altar_vehumet
D:12:     layout_roguey [special_room_orc]
Temple:   eino_temple_rhombus
Lair:1:   layout_cave_pods, pond
Lair:2:   layout_gridlike, minmay_shoals_entry_centaurs, disabler_island,
          grunt_megastairs_2, lemuel_fruit_tree
Lair:3:   layout_roguey, spider_nest_entry_funnel_web, grunt_megastairs_4,
          serial_bayou_shore_b, uniq_rupert, uniq_nessos
Lair:4:   layout_long_grid, nicolae_slime_entry_slimehenge,
          infiniplex_staircase_pool_2, serial_bayou_shore_b, grunt_megastairs_5,
          lemuel_fruit_fields
Lair:5:   minmay_lair_end_enchanted_forest, layout_loops_ring,
          gammafunk_ghost_berserking_beasts, grunt_megastairs_3,
          infiniplex_staircase_pool

Skill      XL: |  1  2  3  4  5  6  7  8  9 10 11 12 13 14 |
---------------+-------------------------------------------+-----
Armour         | 1 2 |  2.0
Long Blades    | 2 3 |  3.5
Dodging        | 2 3 4 5 7 8 |  8.7
Stealth        | 1 2 3 4 |  4.7
Invocations    | 1 3 4 5 6 8 9 |  9.0
Ranged Weapons | 1 2 3 4 5 6 7 |  7.3
Translocations | 3 4 5 6 |  6.0
Throwing       | 1 |  1.4
Fire Magic     | 1 3 4 5 |  5.0
Fighting       | 3 4 5 7 8 |  8.3
Spellcasting   | 3 4 |  4.0
Unarmed Combat | 2 3 4 6 9 12 | 12.4
Evocations     | 2 |  2.0
Polearms       | 1 |  1.0
Shields        | 1 4 6 8 |  8.3
Short Blades   | |  0.6

Action                     |  1- 3 |  4- 6 |  7- 9 | 10-12 | 13-15 || total
---------------------------+-------+-------+-------+-------+-------++-------
  Melee: Falchion          |   111 |    60 |   293 |    30 |       ||   494
         Dagger            |    37 |    51 |       |       |       ||    88
         Punch             |     1 |     2 |     2 |       |       ||     5
         Short sword       |       |    66 |       |       |       ||    66
         Scimitar          |       |     7 |       |       |       ||     7
         Trident           |       |       |       |   274 |       ||   274
         Unarmed           |       |       |       |   501 |   502 ||  1003
         Sling             |       |       |       |     1 |       ||     1
   Fire: Sling             |     3 |    66 |    51 |   127 |       ||   247
         Shortbow          |       |       |    56 |       |       ||    56
         Greatsling        |       |       |       |       |    78 ||    78
  Throw: Dart              |     2 |     1 |     1 |       |     9 ||    13
         Boomerang         |       |       |     7 |     2 |       ||     9
   Cast: Blink             |     1 |       |       |       |       ||     1
         Volatile Blastmot |       |       |       |    29 |       ||    29
 Invoke: Draw Destruction  |       |     1 |     4 |     4 |     3 ||    12
         Draw Summoning    |       |       |     3 |     1 |       ||     4
         Draw Escape       |       |       |     1 |       |       ||     1
  Evoke: Wand              |       |       |       |     1 |       ||     1
    Use: Scroll            |       |       |    11 |     9 |     3 ||    23
         Potion            |       |       |     5 |     1 |       ||     6
   Stab: Sleeping          |       |       |       |     1 |     3 ||     4
         Distracted        |       |       |       |       |     1 ||     1
 Armour: Leather armour    |    37 |       |       |       |       ||    37
         Scale mail        |    13 |       |       |       |       ||    13
         Animal skin       |    13 |    61 |       |       |       ||    74
         Robe              |       |    14 |   172 |   106 |    20 ||   312
         Quicksilver drago |       |       |       |       |   129 ||   129
  Dodge: Dodged            |    99 |   161 |   310 |   732 |   559 ||  1861
  Block: Buckler           |       |       |    20 |   292 |   225 ||   537
